AoeStats
← ryu

Arabian Desert

510700176Analyzed
1v1 RM · 1d ago on Oct 2, 2026· 24m 48s· 2 players
Game mode
Random Map
Map size
Tiny (2 player)
Population
200
Speed
Normal
Resources
Standard
Victory
Conquest
Starting age
Dark Age
Ending age
Imperial Age
RankedLock teamsTeams togetherTeam positionsShared explorationLock speedFull tech treeHidden civsTurbo modeCheats
Victory
Defeat
🇵🇾 Byzantines · Paraguay
1391
+14
🇺🇸 Japanese · United States
1350
-14
Safi
6:52 Loom
9:16 Feudal Age
10:29 Double-Bit Axe
23:14 Castle Age
22:04 Horse Collar
23:41 Scale Barding Armor
23:48 Forging
ryu
8:43 Feudal Age
8:52 Man-at-Arms
9:24 Double-Bit Axe
9:46 Loom
10:57 Arson
13:27 Scale Mail Armor
20:33 Castle Age
19:16 Horse Collar
20:25 Stone Mining
21:43 Chain Mail Armor
21:49 Squires
Connection lost

Rejoining the realm…

Still unreachable

The connection could not be restored.

Session expired

The server has moved on; the page needs a fresh start.